 Dungeon Crawl Stone Soup version 0.21.1-1-g345015fe64 (webtiles) character file.

1493 Gunterle the Slasher (level 8, -2/56 HPs)
             Began as an Octopode Fighter on July 18, 2018.
             Slain by aloneDruid's ghost (24 damage)
             ... on level 4 of the Dungeon.
             The game lasted 00:25:59 (6011 turns).

Gunterle the Slasher (Octopode Fighter)             Turns: 6011, Time: 00:25:59

Health: -2/56      AC:  1    Str: 18    XL:     8   Next: 80%
Magic:  8/8        EV: 14    Int: 10    God:
Gold:   200        SH: 10    Dex: 13    Spells: 7/7 levels left

rFire    x . .     SeeInvis .   a - +1 long sword
rCold    + . .     Gourm    .   b - +0 shield
rNeg     . . .     Faith    .   (helmet restricted)
rPois    .         Spirit   .   (no amulet)
rElec    .         Reflect  .   w - +2 ring of strength
rCorr    .         Harm     .   k - ring of ice
MR       .....                  (no ring)
Stlth    ++........             (no ring)
HPRegen  0.18/turn              (no ring)
MPRegen  0.11/turn              (no ring)
                                (no ring)
                                (no ring)

@: no status effects
A: almost no armour, stealthy swim, amphibious, 8 rings, constrict 8, camouflage
1, gelatinous body 1
a: no special abilities


You were on level 4 of the Dungeon.
You were not hungry.

You visited 1 branch of the dungeon, and saw 4 of its levels.

You collected 200 gold pieces.

Inventory:

Hand Weapons
 a - a +1 long sword (weapon)
 i - a +0 dagger
 y - a +0 scimitar
Missiles
 g - 104 stones (quivered)
 l - 36 bolts
 p - 17 poisoned needles
 r - 42 sling bullets
 s - 72 arrows
 t - 6 tomahawks
Armour
 b - a +0 shield (worn)
Jewellery
 k - a ring of ice (right tentacle)
 w - a +2 ring of strength (left tentacle)
 x - an uncursed ring of protection from magic {unknown}
Wands
 B - a wand of polymorph (16)
Scrolls
 f - a scroll of amnesia {unknown}
 m - 2 scrolls of enchant weapon
 o - a scroll of fear {unknown}
 u - a scroll of remove curse
 v - a scroll of teleportation
Potions
 c - a potion of flight {unknown}
 e - 2 potions of agility {unknown}
 h - 4 potions of heal wounds
 j - a potion of invisibility
 n - a potion of ambrosia
 q - 3 potions of curing
 A - a potion of might
Comestibles
 d - 5 rations
 z - 2 chunks of flesh


   Skills:
 + Level 5.6 Fighting
 * Level 7.0 Long Blades
 + Level 5.6 Dodging
 + Level 5.5 Shields


You had 7 spell levels left.
You didn't know any spells.

Dungeon Overview and Level Annotations

Branches:
Dungeon (4/15)
 Temple: D:4-7

Altars:
Fedhas
Hepliaklqana
Sif Muna
Uskayaw
Yredelemnul
Zin

Annotations:
D:4 aloneDruid's ghost, novice TrBe


Innate Abilities, Weirdness & Mutations

You cannot wear most types of armour.
You are very stealthy in the water. (Stealth+)
You are amphibious.
You can wear up to eight rings at the same time.
You can use your tentacles to constrict eight enemies at once.
Your skin changes colour to match your surroundings (Stealth+).
Your rubbery body absorbs attacks. (AC +1, EV +1)


Message History

You hit aloneDruid's ghost.
AloneDruid's ghost is lightly damaged.
AloneDruid's ghost hits you!
You completely miss aloneDruid's ghost. You squeeze aloneDruid's ghost!
AloneDruid's ghost is moderately damaged.
You block aloneDruid's ghost's attack.
You barely miss aloneDruid's ghost.
AloneDruid's ghost is moderately damaged.
You block aloneDruid's ghost's attack.
You closely miss aloneDruid's ghost.
AloneDruid's ghost is moderately damaged.
AloneDruid's ghost wails, "They lied to you.
The Dungeon just goes down and down forever."
AloneDruid's ghost hits you!!
* * * LOW HITPOINT WARNING * * *
You block aloneDruid's ghost's attack. You block aloneDruid's ghost's attack.
You feel a little less mighty now.
There is a stone staircase leading up, spattered with blood here.
AloneDruid's ghost hits you!!
You die...

.............#...# #.........#
.............##'#######......#
.....................##......#
.............#.......##......#
##########........[..##.....###
# ##...................# ##
#.....#####.........# .##
#..>..#####.........# ..#
#.....@..############ ..#
###...W..# ..# #......# ..#
#......# ..### ###p.....# ....#
#........# ###### ..#.#
#.#......#####.... #.#{#
####.#.............# #.#[#
#....#.............#


You could see aloneDruid's ghost and a neutral freed slave (wandering).

Vanquished Creatures
  Pikel (D:4)
  Grinder (D:4)
  Sigmund (D:3)
  Duvessa (D:4)
  An ice beast (D:3)
  2 slaves
  Dowan (D:4)
  A crimson imp (D:2)
  Natasha (thrice) (D:3)
  3 iguanas (D:4)
  2 orc wizards
  5 gnolls
  4 adders
  An ooze (D:2)
  An adder skeleton (D:4)
  3 worms
  2 dart slugs (D:1)
  4 leopard geckos
  9 orcs
  2 giant cockroaches
  17 goblins
  5 hobgoblins
  10 jackals
  7 quokkas
  6 bats
  10 frilled lizards
  A giant cockroach zombie (D:3)
  12 kobolds
  A quokka skeleton (D:4)
  9 rats
  5 plants (D:3)
131 creatures vanquished.

Vanquished Creatures (others)
  A slave (D:4)
  An adder (D:4)
  A plant (D:3)
3 creatures vanquished.

Grand Total: 134 creatures vanquished

Notes
Turn   | Place    | Note
-------+----------+-------------------------------------------
     0 | D:1      | Gunterle the Octopode Fighter began the quest for the Orb.
     0 | D:1      | Reached XP level 1. HP: 16/16 MP: 1/1
   285 | D:1      | Reached XP level 2. HP: 21/21 MP: 2/2
   559 | D:1      | Reached XP level 3. HP: 26/26 MP: 3/3
  1516 | D:2      | Reached skill level 3 in Long Blades
  1518 | D:2      | Reached XP level 4. HP: 31/31 MP: 4/4
  1997 | D:2      | Reached XP level 5. HP: 36/36 MP: 5/5
  2405 | D:3      | Found a deep blue altar of Sif Muna.
  2405 | D:3      | Found a faded altar of an unknown god.
  2411 | D:3      | Found a faded altar of an unknown god.
  2413 | D:3      | Found a hazy altar of Hepliaklqana.
  2415 | D:3      | Found a hide-covered altar of Uskayaw.
  2711 | D:3      | Found a glowing silver altar of Zin.
  2923 | D:3      | Noticed Natasha
  2926 | D:3      | Killed Natasha
  2926 | D:3      | Reached skill level 4 in Long Blades
  2926 | D:3      | Reached XP level 6. HP: 26/43 MP: 6/6
  3280 | D:3      | Found a basalt altar of Yredelemnul.
  3662 | D:3      | Noticed Natasha
  3672 | D:3      | Killed Natasha
  3694 | D:3      | Noticed Natasha
  3702 | D:3      | Killed Natasha
  4019 | D:4      | Noticed a slave
  4019 | D:4      | Noticed a slave
  4020 | D:4      | Noticed Pikel
  4020 | D:4      | Noticed a slave
  4022 | D:4      | Noticed Dowan
  4028 | D:4      | Noticed Duvessa
  4029 | D:4      | Noticed a slave
  4034 | D:3      | Killed a slave
  4099 | D:4      | Killed a slave
  4101 | D:4      | Killed Pikel
  4101 | D:4      | Reached skill level 5 in Long Blades
  4101 | D:4      | Reached XP level 7. HP: 27/49 MP: 7/7
  4110 | D:4      | HP: 1/49 [Duvessa/short sword (5)]
  4112 | D:4      | Killed Duvessa
  4112 | D:4      | Reached skill level 5 in Fighting
  4112 | D:4      | Reached XP level 8. HP: 24/55 MP: 8/8
  4113 | D:4      | Killed Dowan
  4113 | D:4      | Reached skill level 6 in Long Blades
  4113 | D:4      | Reached skill level 5 in Dodging
  4113 | D:4      | Reached skill level 5 in Shields
  4314 | D:4      | Found a basalt altar of Yredelemnul.
  4336 | D:4      | Noticed Sigmund
  4417 | D:4      | Found a blossoming altar of Fedhas.
  4469 | D:4      | Noticed aloneDruid's ghost (novice TrBe)
  4840 | D:3      | Killed Sigmund
  5934 | D:4      | Noticed Grinder
  5934 | D:4      | Paralysed by Grinder for 3 turns
  5949 | D:4      | Killed Grinder
  5949 | D:4      | Reached skill level 7 in Long Blades
  6011 | D:4      | Slain by aloneDruid's ghost

Skill      XL: |  1  2  3  4  5  6  7  8 |
---------------+-------------------------+-----
Long Blades    | 3 4 5 7 |  7.0
Fighting       | 4 5 |  5.6
Dodging        | 4 5 |  5.6
Shields        | 4 5 |  5.5

Action                   |  1- 3 |  4- 6 |  7- 9 || total
-------------------------+-------+-------+-------++-------
Melee: Long sword        |    71 |   195 |    63 ||   329
       Constrict         |    27 |    50 |    11 ||    88
       Tentacles         |    19 |    61 |    17 ||    97
Throw: Stone             |       |       |     2 ||     2
  Use: Scroll            |       |     6 |     3 ||     9
       Potion            |       |     1 |     3 ||     4
 Stab: Sleeping          |     5 |     2 |     2 ||     9
       Distracted        |       |     1 |     1 ||     2
  Eat: Chunk             |     2 |     8 |     1 ||    11
       Ration            |       |       |     2 ||     2
Armor: Skin              |     4 |    10 |       ||    14
Dodge: Dodged            |    43 |    55 |    30 ||   128
Block: Shield            |    36 |    54 |    25 ||   115
       Rpst.: Long sword |     9 |    14 |     7 ||    30
